 Dungeon Crawl Stone Soup version 0.31-a0-222-gefeffbb62a (webtiles) character file.

Game seed: 11301091421937267469

2946 Newt the Slicer (level 10, -1/55 (56) HPs)
             Began as a Kobold Hunter on July 5, 2023.
             Was a Believer of Hepliaklqana.
             Slain by a wight
             ... wielding a +0 long sword
              (9 damage)
             ... on level 7 of the Dungeon.
             The game lasted 00:06:58 (8268 turns).

Newt the Slicer (Kobold Hunter)                     Turns: 8268, Time: 00:06:58

HP:   -1/55 (56)    AC:  7    Str:  8    XL:     10   Next: 7%
MP:   10/10         EV: 15    Int: 10    God:    Hepliaklqana [**....]
Gold: 266           SH:  8    Dex: 24    Spells: 9/9 levels left

rFire   . . .        b - +2 dagger (freeze)
rCold   . . .        n - +1 buckler
rNeg    . . .        w - +0 swamp dragon scales
rPois   +            (no helmet)
rElec   .            (no cloak)
rCorr   .            (no gloves)
SInv    .            (no boots)
Will    +....        (no amulet)
Stlth   +++          m - ring of willpower
HPRegen 0.29/turn    (no ring)
MPRegen 0.12/turn

%: no passive effects
@: lightly drained
A: reduced essence, small, no large weapons, nightstalker 3
a: Renounce Religion, Recall Ancestor, Ancestor Identity


You were on level 7 of the Dungeon.
You worshipped Hepliaklqana.
Hepliaklqana was pleased with you.
You visited 2 branches of the dungeon, and saw 8 of its levels.
You also visited: Sewer.

You collected 266 gold pieces.

Inventory:

Hand Weapons
 a - a +4 dagger of venom
 b - a +2 dagger of freezing (weapon)
 h - a +0 shortbow
Armour
 c - a +0 leather armour
 n - a +1 buckler (worn)
 w - +0 swamp dragon scales (worn)
Jewellery
 m - a ring of willpower (left hand)
Wands
 j - a wand of flame (60)
 s - a wand of charming (13)
 v - a wand of mindburst (8)
Scrolls
 k - a scroll of butterflies
 o - 2 scrolls of teleportation
 q - 2 scrolls of revelation
 u - a scroll of enchant armour
 z - a scroll of poison
Potions
 d - 2 potions of cancellation
 e - a potion of degeneration
 f - 2 potions of enlightenment
 g - a potion of attraction
 i - a potion of brilliance
 l - 2 potions of mutation
 p - 2 potions of might
 r - a potion of curing
 t - a potion of resistance {unknown}
 x - a potion of heal wounds {unknown}


   Skills:
 + Level 7.4 Fighting
 - Level 10.0 Short Blades
 - Level 5.3 Ranged Weapons
 - Level 6.0 Dodging
 - Level 1.3 Stealth
 - Level 6.0 Shields


You had 9 spell levels left.
You didn't know any spells.
Your spell library contained the following spells:

 Spells                   Type           Power      Damage    Failure   Level
 Freeze                   Ice            0%         1d3       87%         1
 Magic Dart               Conj           0%         1d3       87%         1
 Call Imp                 Summ           0%         N/A       95%         2
 Frozen Ramparts          Ice            0%         1d1       99%         3
 Hailstorm                Conj/Ice       0%         3d3       99%         3
 Mephitic Cloud           Conj/Pois/Air  0%         N/A       99%         3
 Stone Arrow              Conj/Erth      0%         3d7       99%         3
 Animate Armour           Summ/Erth      0%         N/A       100%        4
 Lehudib's Crystal Spear  Conj/Erth      0%         10d2      100%        8


Dungeon Overview and Level Annotations

Branches:
Dungeon (7/15)             Temple (1/1) D:4           Sewer (visited)

Altars:
Cheibriados
Elyvilon
Fedhas
Gozag
Hepliaklqana
Kikubaaqudgha
Makhleb
Nemelex Xobeh
Okawaru
Qazlal
Vehumet
Wu Jian
Yredelemnul
Zin
The Shining One


Innate Abilities, Weirdness & Mutations

Your life essence is reduced to manifest your ancestor. (-10% HP)
You are small and have problems with some larger weapons.
You are completely attuned to the shadows.


Message History

You hit the wight but do no damage. You block the wight's attack.
You hit the wight.
The wight is moderately damaged.
You completely miss the wight.
The wight is moderately damaged.
The wight closely misses you.
You closely miss the wight.
The wight is moderately damaged.
You hit the wight.
The wight is moderately damaged.
The wight hits you with a +5 battleaxe!
You hit the wight.
The wight is moderately damaged.
The wight barely misses you.
You hit the wight but do no damage.
The wight is moderately damaged.
You closely miss the wight.
The wight is moderately damaged.
The wight hits you with a +5 battleaxe!
You feel drained.
You hit the wight.
The wight is heavily damaged.
You closely miss the wight.
The wight is heavily damaged.
The wight hits you with a +5 battleaxe!
You hit the wight.
The wight is severely damaged.
You hit the wight but do no damage.
The wight is severely damaged.
The wight hits you with a +5 battleaxe!
* * * LOW HITPOINT WARNING * * *
You hit the wight.
The wight is almost destroyed.
You hit the wight.
You destroy the wight!
You hit the wight.
The wight is moderately damaged.
You hit the wight.
The wight is heavily damaged.
The wight hits you with a +0 long sword!
You die...

....# #.#.#
#.#.# ###..#
#.#.# #.#.#
#....###.#.#
#.#.#
...........#
#...#
#....#######
##..# #...<#
#..# #....#
#..#
#)...#######
#..#
#...z.zz@..#
#..#
#.#..#####.#
#..# ....
#.# #..#
.##. #.#
#..# #.
#)#####..#
#........#
#######.##
#.# #.#


You could see 3 wights.

Vanquished Creatures
  Menkaure (D:5)
  A water moccasin (D:5)
  2 ice beasts
  3 sky beasts
  A centaur (D:6)
  A bullfrog (D:6)
  2 wights
  4 killer bees (D:6)
  3 vampire bats (D:3)
  2 hounds
  2 orc priests
  2 jellies
  Terence (D:2)
  2 iguanas (D:4)
  4 orc wizards
  Robin (D:2)
  15 adders
  A river rat (Sewer)
  A shadow imp (D:5)
  A worm (D:2)
  27 orcs
  13 endoplasms
  2 giant cockroaches
  10 hobgoblins
  2 jackals (D:2)
  6 quokkas
  7 ball pythons
  14 bats
  2 frilled lizards (Sewer)
  13 goblins
  6 kobolds
  30 rats
182 creatures vanquished.

Vanquished Creatures (collateral kills)
  Maggie (D:6)
  A steam dragon (D:6)
  A phantom (D:5)
  Blork the orc (D:6)
  A kobold brigand (D:6)
  A scorpion (D:5)
  5 wights
  A howler monkey (D:6)
  A hound (D:6)
  12 orcs
  2 kobolds (D:6)
  2 rats (D:3)
29 creatures vanquished.

Vanquished Creatures (others)
  A battlemage (D:7)
1 creature vanquished.

Grand Total: 212 creatures vanquished

Notes
Turn   | Place    | Note
-------+----------+-------------------------------------------
     0 | D:1      | Newt the Kobold Hunter began the quest for the Orb.
     0 | D:1      | Reached XP level 1. HP: 12/12 MP: 1/1
   128 | D:1      | Reached XP level 2. HP: 18/18 MP: 2/2
   542 | D:2      | Reached XP level 3. HP: 19/23 MP: 3/3
   641 | D:2      | Noticed Robin
   660 | D:2      | Killed Robin
   682 | D:2      | Reached XP level 4. HP: 14/30 MP: 4/4
   802 | D:2      | Noticed Terence
   815 | D:2      | Killed Terence
   816 | D:2      | Reached skill level 5 in Fighting
   816 | D:2      | Reached skill level 1 in Short Blades
   816 | D:2      | Reached XP level 5. HP: 17/35 MP: 5/5
  1100 | D:2      | Reached skill level 2 in Short Blades
  1302 | D:2      | Reached skill level 3 in Short Blades
  2003 | D:3      | You fall into a shaft and drop 1 floor!
  2006 | D:4      | Noticed an ice beast
  2016 | D:4      | Killed an ice beast
  2017 | D:4      | Reached skill level 5 in Short Blades
  2017 | D:4      | Reached XP level 6. HP: 7/40 MP: 6/6
  2106 | D:4      | Found a glowing drain.
  2135 | Sewer    | Entered a sewer
  2535 | Sewer    | Reached skill level 6 in Short Blades
  2912 | D:4      | HP: 1/40 [orc priest/+0 hand axe (6)]
  2915 | D:4      | Reached XP level 7. HP: 1/44 MP: 7/7
  3180 | D:4      | Found a staircase to the Ecumenical Temple.
  3188 | Temple   | Entered the Ecumenical Temple
  3215 | Temple   | Became a worshipper of Hepliaklqana the Forgotten
  3824 | D:4      | Reached skill level 5 in Dodging
  4312 | D:5      | Entered Level 5 of the Dungeon
  4322 | D:5      | Reached * piety under Hepliaklqana
  4720 | D:5      | Noticed a water moccasin
  4731 | D:5      | Killed a water moccasin
  4732 | D:5      | Reached skill level 1 in Shields
  4860 | D:5      | Noticed Menkaure
  4864 | D:5      | Killed Menkaure
  4865 | D:5      | Reached XP level 8. HP: 44/44 MP: 8/8
  5814 | D:3      | Found a faded altar of an unknown god.
  5985 | D:3      | Reached skill level 5 in Shields
  6078 | D:6      | Reached ** piety under Hepliaklqana
  6079 | D:6      | Remembered your ancestor Gaius as a battlemage
  6202 | D:6      | Reached XP level 9. HP: 43/48 MP: 9/9
  6358 | D:6      | Noticed Blork the orc
  6364 | D:6      | Killed Blork the orc
  6463 | D:6      | Reached skill level 7 in Short Blades
  6513 | D:6      | Identified the +0 scale mail "Ashi Ywn" {rC+ rN+++ rCorr
                  | Int-4}
  6515 | D:6      | Reached skill level 8 in Short Blades
  6912 | D:6      | Noticed Maggie
  6929 | D:6      | Killed Maggie
  6930 | D:6      | Reached skill level 9 in Short Blades
  6932 | D:6      | Reached skill level 10 in Short Blades
  7738 | D:6      | Reached XP level 10. HP: 15/54 MP: 10/10
  8268 | D:7      | Slain by a wight

Illustrated notes

Levels and vault maps discovered:
D:1:      giann_wishing_wells, layout_basic, serial_bayou_pond_a
D:2:      layout_basic, minmay_rat_hole, uniq_terence, uniq_robin
D:3:      layout_rooms, shapermc_ecumenical_altar_mp_vishouse, roderic_batcave,
          grunt_ministairs_1, dreamdust_mushroom_princess, hex_medium
D:4:      layout_basic, minmay_temple_entry_statues_fountains,
          gup_sewer_entry_glass
D:5:      layout_cave_pods, uniq_menkaure
D:6:      layout_basic, serial_corexii_hall, chequers_hall_statues_corner_a,
          chequers_hall_statues_wall_a, uniq_blork_the_orc, uniq_maggie
D:7:      layout_loops_ring, lemuel_blue_sif_altar, serial_shops,
          nicolae_shop_pleasant_corner_grove, dk_noncrumbling_3
Temple:   nicolae_temple_no_exploring_needed

Skill      XL: |  1  2  3  4  5  6  7  8  9 10 |
---------------+-------------------------------+-----
Fighting       | 3 4 5 6 7 |  7.4
Short Blades   | 1 5 6 10 | 10.0
Dodging        | 3 6 |  6.0
Shields        | 2 5 6 |  6.0
Ranged Weapons | |  5.3
Stealth        | |  1.3

Action                     |  1- 3 |  4- 6 |  7- 9 | 10-12 || total
---------------------------+-------+-------+-------+-------++-------
  Melee: Dagger            |    30 |   169 |   286 |    28 ||   513
         Punch             |       |     1 |     1 |       ||     2
   Fire: Shortbow          |    38 |       |       |       ||    38
 Invoke: Ancestor Life: Ba |       |       |     1 |       ||     1
    Use: Scroll            |       |     7 |     7 |     2 ||    16
         Potion            |       |     5 |       |       ||     5
   Stab: Sleeping          |     1 |    25 |     5 |     1 ||    32
         Invisible         |       |     2 |       |       ||     2
         Distracted        |       |     1 |     3 |       ||     4
 Armour: Leather armour    |    14 |    33 |    29 |       ||    76
         Swamp dragon scal |       |       |     2 |     1 ||     3
  Dodge: Dodged            |    36 |   110 |   137 |     8 ||   291
  Block: Buckler           |       |       |    52 |     3 ||    55

Table legend: (Time is in decaauts)
 A = Elapsed time spent in this place.
 B = Non-inter-level travel time spent in this place.
 C = Inter-level travel time spent in this place.
 D = Time resting spent in this place.
 E = Time spent auto-exploring this place.
 F = Levels seen in this place.
 G = Mean time per level.
                   A        B        C        D        E       F      G
               +--------+--------+--------+--------+--------+-----+--------+
         Total |   8200 |   7946 |    254 |   1933 |   4955 |   9 |  911.1 |
       Dungeon |   7479 |   7243 |    236 |   1634 |   4675 |   7 | 1068.4 |
        Temple |     34 |     17 |     17 |      0 |      8 |   1 |   34.0 |
         Sewer |    686 |    686 |      0 |    299 |    271 |   1 |  686.0 |
               +--------+--------+--------+--------+--------+-----+--------+

Top non-repeatable levels by time:
     D:6: 2049 daAuts
     D:4: 1631 daAuts
     D:2: 1155 daAuts
     D:5: 1108 daAuts
     D:3: 915 daAuts
   Sewer: 686 daAuts
     D:1: 532 daAuts
     D:7: 86 daAuts
  Temple: 34 daAuts
